 Dungeon Crawl Stone Soup version 0.31.0-9-g3a7656b989 (webtiles) character file.

Game seed: 15400950573234622276

46 qw the Shooter (level 3, -6/18 HPs)
             Began as a Spriggan Hunter on Feb 2, 2024.
             Mangled by Sigmund
             ... wielding a +5 scythe of venom
              (10 damage)
             ... on level 2 of the Dungeon.
             The game lasted 00:00:03 (1253 turns).

qw the Shooter (Spriggan Hunter)                    Turns: 1253, Time: 00:00:03

Health: -6/18      AC:  2    Str:  7    XL:     3   Next: 46%
Magic:  4/4        EV: 19    Int: 10    God:
Gold:   34         SH:  0    Dex: 20    Spells: 2/2 levels left

rFire   . . .        a - +0 shortbow (freeze)
rCold   . . .        (shield currently unavailable)
rNeg    + . .        c - +0 robe
rPois   .            (helmet restricted)
rElec   .            (no cloak)
rCorr   .            (gloves unavailable)
SInv    +            (boots unavailable)
Will    .....        (no amulet)
Stlth   +            g - ring of positive energy
HPRegen 0.23/turn    (no ring)
MPRegen 0.09/turn

%: no passive effects
@: confused, attractive, very quick
A: very small, no large weapons, unfitting armour, see invisible, speed 3
a: no special abilities


You were on level 2 of the Dungeon.
You visited 1 branch of the dungeon, and saw 2 of its levels.

You collected 92 gold pieces.
You spent 58 gold pieces at shops.


Innate Abilities, Weirdness & Mutations

You are very small and have problems with some larger weapons.
You are too small for most types of armour.
You have supernaturally acute eyesight. (SInv)
You cover ground extremely quickly. (Speed+++)


   Skills:
 - Level 1.5 Fighting
 + Level 4.7 Ranged Weapons
 - Level 4.0 Dodging
 - Level 1.5 Stealth


You had 2 spell levels left.
You didn't know any spells.
Your spell library was empty.

Inventory:

Hand Weapons
 a - a +0 shortbow of freezing (weapon)
Armour
 c - a +0 robe (worn)
Jewellery
 g - a ring of positive energy (left hand)
Scrolls
 b - a scroll of identify {unknown}
 i - a scroll of blinking {unknown}
 j - a scroll of fear {unknown}
Potions
 e - a potion of might {unknown}
 f - 2 potions of enlightenment {unknown}
 h - a potion of magic {unknown}

Dungeon Overview and Level Annotations

Branches:
Dungeon (2/15)

Altars:

Shops:
D:2 *

Annotations:
D:2 Sigmund


Message History

The jackal completely misses you. The jackal misses you.
You shoot an arrow. The arrow hits the jackal.
The arrow freezes the jackal.
The jackal is heavily wounded.
The jackal closely misses you.
You shoot an arrow. The arrow hits the jackal.
The arrow freezes the jackal.
You kill the jackal!
You start resting.
HP restored.
You see here a jackal corpse.
A jackal comes into view.
You shoot an arrow. The arrow hits the jackal!
The arrow freezes the jackal.
You kill the jackal!
You see here a jackal corpse.
Sigmund the Dreaded comes into view.
He is wielding a +5 scythe of venom.
You shoot an arrow. The arrow hits Sigmund.
The arrow freezes Sigmund.
Sigmund shouts!
Sigmund is moderately wounded.
You shoot an arrow. The arrow closely misses Sigmund.
Sigmund hits you from afar with a +5 scythe of venom.
You shoot an arrow. The arrow barely misses Sigmund.
Sigmund closely misses you.
You shoot an arrow. The arrow hits Sigmund.
The arrow freezes Sigmund.
Sigmund is moderately wounded.
Sigmund points at you and mumbles some strange words.
The magic dart hits you!
Ouch! That really hurt!
You shoot an arrow. The arrow hits Sigmund.
The arrow freezes Sigmund.
Sigmund is heavily wounded.
Sigmund barely misses you.
You shoot an arrow. The arrow barely misses Sigmund.
You shoot an arrow. The arrow hits Sigmund!
The arrow freezes Sigmund.
Sigmund is almost dead.
Sigmund gestures at you while chanting.
You are confused.
1253 ||| DRINKING cyan potion.
It was a potion of attraction.
You feel attractive to monsters.
Sigmund hits you from afar with a +5 scythe of venom!
Ouch! That really hurt!
You die...
Sigmund begins carving another notch in his scythe.

### #.. #.. #..
#.@
#.%############
#..@...%..%..?##
#.#########....#
# ########....#
.......'....#
########....#
#....# #....#
#....# ##..##


You could see Sigmund.

Vanquished Creatures
  An adder (D:2)
  3 endoplasms
  2 giant cockroaches (D:1)
  A hobgoblin (D:2)
  8 jackals
  A quokka (D:1)
  7 ball pythons
  2 bats (D:1)
  2 frilled lizards
  3 goblins (D:1)
  3 kobolds (D:1)
  2 rats (D:1)
35 creatures vanquished.

Notes
Turn   | Place    | Note
-------+----------+-------------------------------------------
     0 | D:1      | qw the Spriggan Hunter began the quest for the Orb.
     0 | D:1      | Reached XP level 1. HP: 10/10 MP: 2/2
     0 | D:1      | 0 ||| qw: Version: 0.3-a-155-g5e7d8dd
     0 | D:1      | 0 ||| qw: Game counter: 1740
     0 | D:1      | 0 ||| qw: Melee chars always use a shield: true
     0 | D:1      | 0 ||| qw: God list: Okawaru
     0 | D:1      | 0 ||| qw: Allow faded altars: false
     0 | D:1      | 0 ||| qw: Do Orc after clearing Dungeon:15 true
     0 | D:1      | 0 ||| qw: Do second Lair branch before Depths: true
     0 | D:1      | 0 ||| qw: Lair rune preference: random
     0 | D:1      | 0 ||| qw: Goals: Normal
     0 | D:1      | 0 ||| PLANNING D:1-11
    47 | D:1      | Reached skill level 3 in Dodging
    59 | D:1      | Reached XP level 2. HP: 14/14 MP: 3/3
   808 | D:1      | 808 ||| UPGRADING to ring of positive energy.
   809 | D:1      | 809 ||| READING scroll labelled TOPA TEPRO.
   809 | D:1      | 809 ||| BRANDING +0 shortbow.
   810 | D:1      | 810 ||| READING 2 scrolls labelled LUAGUARIGG.
   811 | D:1      | 811 ||| READING scroll labelled MEEJI YQOQYG.
   811 | D:1      | 811 ||| ENCHANTING +0 shortbow of freezing.
   812 | D:1      | 812 ||| READING scroll labelled UNIREI FOJA.
   813 | D:1      | 813 ||| READING scroll labelled JUDDUA ANLUBORGH.
   817 | D:1      | 817 ||| DROPPING scroll of butterflies.
   818 | D:1      | 818 ||| DROPPING scroll of poison.
   885 | D:2      | Reached XP level 3. HP: 18/18 MP: 4/4
  1196 | D:2      | Found Meytiuq's Assorted Antiques.
  1201 | D:2      | 1201 ||| BUYING bubbling puce potion (18 gold).
  1201 | D:2      | Bought a bubbling puce potion for 18 gold pieces
  1201 | D:2      | 1201 ||| BUYING scroll labelled MEIZEJ XORI (20 gold).
  1201 | D:2      | Bought a scroll labelled MEIZEJ XORI for 20 gold pieces
  1201 | D:2      | 1201 ||| BUYING scroll labelled XYARYH YJAO (20 gold).
  1201 | D:2      | Bought a scroll labelled XYARYH YJAO for 20 gold pieces
  1201 | D:2      | 1201 ||| SHOPLISTING scroll of teleportation (60 gold, have
                  | 34).
  1245 | D:2      | Noticed Sigmund
  1249 | D:2      | HP: 3/18 [Sigmund/magic dart (9)]
  1253 | D:2      | 1253 ||| DRINKING cyan potion.
  1253 | D:2      | Mangled by Sigmund

Levels and vault maps discovered:
D:1:      evilmike_arrival_plus, layout_loops_corners
D:2:      layout_basic, serial_shops, shop, dreamdust_mushroom_princess,
          grunt_decor_mini_mirrors, feat_on_display, uniq_sigmund

Skill      XL: |  1  2 |
---------------+-------+-----
Dodging        | 3 4 |  4.0
Fighting       | |  1.5
Ranged Weapons | |  4.7
Stealth        | |  1.5

Action                     || total
---------------------------++-------
   Fire: Shortbow          ||    77
    Use: Scroll            ||     5
         Potion            ||     1
 Armour: Robe              ||    13
  Dodge: Dodged            ||    27

Table legend:
 A = Non-vault XP
 B = Vault XP
 C = Vault XP percentage of total XP
 D = Non-vault monster count
 E = Vault monster count
 F = Vault count percentage of total count
                 A         B        C        D         E       F
            +---------+---------+-------+---------+---------+-------
      Total |      67 |       0 |   0.0 |      35 |       0 |   0.0
            +---------+---------+-------+---------+---------+-------
        D:1 |      38 |       0 |   0.0 |      25 |       0 |   0.0
        D:2 |      29 |       0 |   0.0 |      10 |       0 |   0.0
            +---------+---------+-------+---------+---------+-------
